 Dungeon Crawl Stone Soup version 0.27-a0-972-gd1521fd518 (webtiles) character file.

Game seed: 15074088672466263035

136 tardwrangler69 the Digger (level 4, -7/33 HPs)
             Began as a Draconian Earth Elementalist on Apr 13, 2021.
             Mangled by an orc
             ... wielding a +0 flail
              (9 damage)
             ... on level 3 of the Dungeon.
             The game lasted 00:02:06 (3019 turns).

tardwrangler69 the Digger (DrEE)                    Turns: 3019, Time: 00:02:06

Health: -7/33      AC:  7    Str: 10    XL:     4   Next: 98%
Magic:  6/8        EV: 12    Int: 16    God:
Gold:   103        SH:  0    Dex: 12    Spells: 8/9 levels left

rFire    . . .     SeeInvis .   c - +0 short sword
rCold    . . .     Faith    .   (no shield)
rNeg     . . .     Spirit   .   (armour unavailable)
rPois    .         Reflect  .   (helmet restricted)
rElec    .         Harm     .   i - +0 cloak
rCorr    .         Rampage  .   (no gloves)
Will     .....                  e - +0 pair of boots
Stlth    ++........             (no amulet)
HPRegen  0.11/turn              (no ring)
MPRegen  0.11/turn              (no ring)

@: no status effects
A: AC +5, unfitting armour, cold-blooded
a: no special abilities


You were on level 3 of the Dungeon.
You visited 1 branch of the dungeon, and saw 3 of its levels.

You collected 103 gold pieces.

Inventory:

Hand Weapons
 c - a +0 short sword (weapon)
Missiles
 b - 76 stones
Armour
 e - a +0 pair of boots (worn)
 i - a +0 cloak (worn)
Scrolls
 a - 2 scrolls of acquirement {unknown}
 f - 2 scrolls of identify {unknown}
 g - a scroll of teleportation {unknown}
 j - a scroll of noise {unknown}
Potions
 d - a potion of ambrosia {unknown}
 h - 2 potions of curing {unknown}


   Skills:
 - Level 1.7 Dodging
 - Level 1.7 Stealth
 + Level 3.1 Spellcasting
 - Level 1.0 Transmutations
 * Level 5.0 Earth Magic


You had 8 spell levels left.
You knew the following spells:

 Your Spells              Type           Power      Damage    Failure   Level
a - Sandblast             Erth           36%        2d10      2%          1

Your spell library contained the following spells:

 Spells                   Type           Power      Damage    Failure   Level
 Passwall                 Tmut/Erth      10%        N/A       9%          2
 Magic Dart               Conj           8%         1d3       19%         1
 Stone Arrow              Conj/Erth      20%        3d8       21%         3
 Blink                    Tloc           N/A        N/A       28%         2
 Call Imp                 Summ           2%         N/A       28%         2
 Slow                     Hex            2%         N/A       28%         2
 Petrify                  Tmut/Erth      12%        N/A       47%         4
 Conjure Flame            Conj/Fire      2%         6-21      50%         3
 Mephitic Cloud           Conj/Pois/Air  2%         N/A       50%         3
 Lee's Rapid Deconstruct  Erth           9%         3d8*      54%         5


Dungeon Overview and Level Annotations

Branches:
Dungeon (3/15)

Altars:
Yredelemnul

Shops:
D:2 [

Annotations:
D:3 Robin


Innate Abilities, Weirdness & Mutations

Your plain brown scales are hard. (AC +5)
You cannot fit into any form of body armour.
You are cold-blooded and may be slowed by cold attacks.


Message History

An orc comes into view. It is wielding a +0 dagger.
The goblin hits you but does no damage. The hobgoblin hits you.
You are too injured to fight recklessly!
You hit the hobgoblin.
You kill the hobgoblin!
The goblin misses you. The orc closely misses you.
The goblin hits you but does no damage. The goblin hits you with a +0 dagger.
The goblin hits you with a +0 club. The goblin hits you but does no damage.
Your Earth Magic skill increases to level 5!
The goblin hits you but does no damage. x2
Robin flexes a bicep menacingly.
You see here a hobgoblin corpse.
Robin throws the goblin at you!
You hit the goblin.
You kill the goblin!
The orc closely misses you. Robin throws the goblin at you!
The goblin misses you.
You barely miss the goblin. The orc hits you with a +0 flail.
* * * LOW HITPOINT WARNING * * *
The goblin hits you but does no damage. The orc barely misses you.
Casting: Sandblast (safe; 2% risk of failure)
Confirm with . or Enter, or press ? or * to list all spells.
Aiming: Sandblast (safe; 2% risk of failure)
Press: ? - help, Shift-Dir - straight line, f - goblin
Aim: a goblin, wielding a +0 club (26% to evade)
The blast of sand misses the goblin.
Robin roars a battlecry!
The goblins go into a battle-frenzy!
The goblin hits you with a +0 club.
* * * LOW HITPOINT WARNING * * *
The orc misses you.
Casting: Sandblast (safe; 2% risk of failure)
Confirm with . or Enter, or press ? or * to list all spells.
Aiming: Sandblast (safe; 2% risk of failure)
Press: ? - help, Shift-Dir - straight line, f/p - goblin
Aim: a goblin, wielding a +0 club (strong, 26% to evade)
The blast of sand hits the goblin!
You kill the goblin!
The orc hits you with a +0 flail!
You die...

. .##......... ..
#.##......... ..##
#............. ##....
...##........ #......
###............# ##.......
..<...##.......# #.o......
.......#.......###go......
.#.....#.......)@oogg.....
.......####....###gg......
....#........#####........
#.####.........<..........
#.........................
#...###...................
...........######.........
..#.###....# #.......#.
###.###....## .


You could see Robin, 4 orcs and 4 goblins.

Vanquished Creatures
  Crazy Yiuf (D:2)
  A gnoll (D:1)
  5 adders (D:2)
  A dart slug (D:2)
  10 bats
  6 endoplasms
  2 giant cockroaches (D:2)
  6 goblins
  5 hobgoblins
  7 kobolds (D:1)
  2 quokkas
  A frilled lizard (D:2)
  2 rats (D:2)
49 creatures vanquished.

Notes
Turn   | Place    | Note
-------+----------+-------------------------------------------
     0 | D:1      | tardwrangler69 the Draconian Earth Elementalist began the
                  | quest for the Orb.
     0 | D:1      | Reached XP level 1. HP: 14/14 MP: 3/3
   531 | D:1      | Found a faded altar of an unknown god.
   543 | D:1      | Reached XP level 2. HP: 15/20 MP: 5/5
  1070 | D:1      | Reached XP level 3. HP: 18/26 MP: 6/6
  1529 | D:1      | Reached skill level 4 in Earth Magic
  1829 | D:2      | Found Myrag's Antique Armour Shop.
  1997 | D:2      | Reached XP level 4. HP: 19/33 MP: 8/8
  2165 | D:2      | Found a basalt altar of Yredelemnul.
  2572 | D:2      | Found a runed translucent door.
  2573 | D:2      | Noticed Crazy Yiuf
  2915 | D:2      | Killed Crazy Yiuf
  3005 | D:3      | Noticed Robin
  3014 | D:3      | Reached skill level 5 in Earth Magic
  3019 | D:3      | Mangled by an orc

Illustrated notes

Levels and vault maps discovered:
D:1:      eino_arrival_water_cross, layout_basic, ebering_ecumenical_altar_rust,
          minmay_misc_feat_roman
D:2:      layout_loops_ring, basic_altar, serial_shops,
          nicolae_shop_statue_plus, minmay_misc_feat_cross,
          uniq_crazy_yiuf_cottage
D:3:      layout_rooms, uniq_robin

Skill      XL: |  1  2  3  4 |
---------------+-------------+-----
Earth Magic    | 4 5 |  5.0
Spellcasting   | 3 |  3.1
Dodging        | |  1.7
Stealth        | |  1.7
Transmutations | |  1.0

Action                   |  1- 3 |  4- 6 || total
-------------------------+-------+-------++-------
Melee: Short sword       |   102 |    52 ||   154
       Unarmed           |     6 |       ||     6
       Tailslap          |    14 |     3 ||    17
 Cast: Sandblast         |    11 |     6 ||    17
 Stab: Sleeping          |     6 |     2 ||     8
Armor: Skin              |    63 |    25 ||    88
Dodge: Dodged            |    93 |    43 ||   136

Table legend: (Time is in decaauts)
 A = Elapsed time spent in this place.
 B = Non-inter-level travel time spent in this place.
 C = Inter-level travel time spent in this place.
 D = Time resting spent in this place.
 E = Time spent auto-exploring this place.
 F = Levels seen in this place.
 G = Mean time per level.
                   A        B        C        D        E       F      G
               +--------+--------+--------+--------+--------+-----+--------+
         Total |   3036 |   2967 |     69 |      0 |   2577 |   3 | 1012.0 |
       Dungeon |   3036 |   2967 |     69 |      0 |   2577 |   3 | 1012.0 |
               +--------+--------+--------+--------+--------+-----+--------+

Top non-repeatable levels by time:
     D:1: 1626 daAuts
     D:2: 1345 daAuts
     D:3: 64 daAuts
